 Dungeon Crawl Stone Soup version 0.22-a0-414-gacd343e (webtiles) character file.

140 galech the Skirmisher (level 5, -7/70 HPs)
             Began as a Gnoll Wanderer on May 13, 2018.
             Mangled by Crazy Yiuf
             ... wielding a +2 quarterstaff of chaos
              (9 damage)
             ... on level 2 of the Dungeon.
             The game lasted 00:02:54 (1797 turns).

galech the Skirmisher (Gnoll Wanderer)              Turns: 1797, Time: 00:02:54

Health: -7/70      AC:  9    Str: 18    XL:     5   Next: 23%
Magic:  7/7        EV:  8    Int: 17    God:
Gold:   84         SH:  6    Dex: 14    Spells: 6/6 levels left

rFire    + . .     SeeInvis .   e - +0 mace
rCold    x . .     Gourm    .   i - +2 buckler
rNeg     . . .     Faith    .   s - +0 chain mail
rPois    .         Spirit   .   (no helmet)
rElec    .         Reflect  .   (no cloak)
rCorr    .         Harm     .   l - +0 pair of gloves
MR       .....                  (no boots)
Stlth    ..........             (no amulet)
HPRegen  0.21/turn              q - ring of fire
MPRegen  0.10/turn              (no ring)

@: berserking, lethally poisoned (-7 -> -17), very quick
A: distributed training, fangs 1, strong nose
a: no special abilities


You were on level 2 of the Dungeon.
You were not hungry.

You visited 1 branch of the dungeon, and saw 2 of its levels.

You collected 84 gold pieces.

Inventory:

Hand Weapons
 e - a +0 mace (weapon)
 w - a +0 flail
Armour
 i - a +2 buckler (worn)
 l - a +0 pair of gloves (worn)
 o - a +0 shield
 s - a +0 chain mail (worn)
Jewellery
 q - a ring of fire (left hand)
Scrolls
 d - 2 scrolls of teleportation
 f - a scroll of amnesia {unknown}
 m - 7 scrolls of identify {unknown}
 n - a scroll of enchant armour {unknown}
 r - a scroll of fog {unknown}
 t - a scroll of blinking {unknown}
 y - 3 scrolls of immolation {unknown}
 z - a scroll of fear {unknown}
Potions
 a - a potion of haste
 c - a potion of lignification
 h - a potion of flight {unknown}
 j - a potion of magic
 k - a potion of curing {unknown}
 p - a potion of heal wounds {unknown}
 v - a potion of invisibility {unknown}
 x - a potion of brilliance {unknown}
Comestibles
 g - 4 rations


   Skills:
 + Level 6.6 Fighting
 + Level 1.4 Short Blades
 + Level 1.4 Long Blades
 + Level 1.4 Axes
 + Level 1.4 Maces & Flails
 + Level 1.4 Polearms
 + Level 2.9 Staves
 + Level 1.4 Slings
 + Level 1.4 Bows
 + Level 1.4 Crossbows
 + Level 4.7 Throwing
 + Level 1.4 Armour
 + Level 4.7 Dodging
 + Level 1.4 Stealth
 + Level 1.4 Shields
 + Level 4.7 Unarmed Combat
 + Level 1.4 Spellcasting
 + Level 1.1 Conjurations
 + Level 1.1 Hexes
 + Level 1.1 Charms
 + Level 1.1 Summonings
 + Level 1.1 Necromancy
 + Level 1.1 Translocations
 + Level 1.1 Transmutations
 + Level 1.1 Fire Magic
 + Level 1.1 Ice Magic
 + Level 1.1 Air Magic
 + Level 1.1 Earth Magic
 + Level 1.1 Poison Magic
 + Level 1.5 Invocations
 + Level 1.4 Evocations


You had 6 spell levels left.
You didn't know any spells.
Your spell library was empty.

Dungeon Overview and Level Annotations

Branches:
Dungeon (2/15)

Altars:
Cheibriados

Annotations:
D:2 Crazy Yiuf


Innate Abilities, Weirdness & Mutations

Your experience applies equally to all skills.
You have very sharp teeth.
Your uncanny sense of smell can sniff out nearby items.


Message History

You block Crazy Yiuf's attack.
You hit Crazy Yiuf.
Crazy Yiuf is almost dead.
Crazy Yiuf closely misses you.
Your shield and chain mail prevent you from hitting Crazy Yiuf.
Crazy Yiuf is almost dead.
You feel sick.
Crazy Yiuf hits you with a quarterstaff of chaos.
* * * LOW HITPOINT WARNING * * *
You are lethally poisoned!
You block Crazy Yiuf's attack.
It was a potion of magic.
Magic courses through your body.
* * * LOW HITPOINT WARNING * * *
You feel sick.
A red film seems to cover your vision as you go berserk!
You feel yourself moving faster!
You feel mighty!
You feel sick.
Crazy Yiuf hits you with a quarterstaff of chaos!
* * * LOW HITPOINT WARNING * * *
Crazy Yiuf freezes you!
You die...

#..#.###......#
####.###
#......)......#
#.#
##.#..##......#
#.#
##....#########
#.# ......# #.#
###...# #.#
#.#.#### ##### ###
#......## ###..)#
#.......####.'@g.#
#........#..##...#
#.##....#.########
###...#######
.###### .# .# .#
.#


You could see Crazy Yiuf.

Vanquished Creatures
  2 orc priests (D:2)
  An orc wizard (D:2)
  2 adders (D:2)
  2 worms (D:2)
  4 orcs (D:2)
  3 bats
  A goblin (D:2)
  3 hobgoblins (D:2)
  5 kobolds
  7 rats
30 creatures vanquished.

Notes
Turn   | Place    | Note
-------+----------+-------------------------------------------
     0 | D:1      | galech the Gnoll Wanderer began the quest for the Orb.
     0 | D:1      | galech set off with: a potion of haste, a potion of berserk rage, a potion of lignification, a scroll of teleportation, a +0 robe, a +0 club, a ration
     0 | D:1      | Reached XP level 1. HP: 23/23 MP: 1/1
   418 | D:1      | Found a snail-covered altar of Cheibriados.
   554 | D:1      | Reached XP level 2. HP: 29/29 MP: 2/2
   913 | D:2      | Reached skill level 1 in Invocations
   913 | D:2      | Reached XP level 3. HP: 23/35 MP: 2/4
   940 | D:2      | Reached skill level 1 in Short Blades
   940 | D:2      | Reached skill level 1 in Long Blades
   940 | D:2      | Reached skill level 1 in Axes
   940 | D:2      | Reached skill level 1 in Maces & Flails
   940 | D:2      | Reached skill level 1 in Polearms
   940 | D:2      | Reached skill level 1 in Slings
   940 | D:2      | Reached skill level 1 in Bows
   940 | D:2      | Reached skill level 1 in Crossbows
   940 | D:2      | Reached skill level 1 in Armour
   940 | D:2      | Reached skill level 1 in Stealth
   940 | D:2      | Reached skill level 1 in Shields
   940 | D:2      | Reached skill level 1 in Spellcasting
   940 | D:2      | Reached skill level 1 in Evocations
  1040 | D:2      | Reached XP level 4. HP: 41/41 MP: 5/5
  1271 | D:2      | Reached skill level 1 in Conjurations
  1271 | D:2      | Reached skill level 1 in Hexes
  1271 | D:2      | Reached skill level 1 in Charms
  1271 | D:2      | Reached skill level 1 in Summonings
  1271 | D:2      | Reached skill level 1 in Necromancy
  1271 | D:2      | Reached skill level 1 in Translocations
  1271 | D:2      | Reached skill level 1 in Transmutations
  1271 | D:2      | Reached skill level 1 in Fire Magic
  1271 | D:2      | Reached skill level 1 in Ice Magic
  1271 | D:2      | Reached skill level 1 in Air Magic
  1271 | D:2      | Reached skill level 1 in Earth Magic
  1271 | D:2      | Reached skill level 1 in Poison Magic
  1296 | D:2      | Found a runed door.
  1380 | D:2      | Reached XP level 5. HP: 18/47 MP: 5/7
  1786 | D:2      | Noticed Crazy Yiuf
  1797 | D:2      | HP: 2/70 [Crazy Yiuf/quarterstaff of chaos (11)]
  1797 | D:2      | Mangled by Crazy Yiuf

Vault maps used:
D:1:      dpeg_arrival_rooms_a, minivault_4, cheibriados_altar_1
D:2:      cheibrodos_pilgrimage, uniq_crazy_yiuf_cottage

Skill      XL: |  1  2  3  4 |
---------------+-------------+-----
Invocations    | 1 |  1.5
Short Blades   | 1 |  1.4
Long Blades    | 1 |  1.4
Axes           | 1 |  1.4
Maces & Flails | 1 |  1.4
Polearms       | 1 |  1.4
Slings         | 1 |  1.4
Bows           | 1 |  1.4
Crossbows      | 1 |  1.4
Armour         | 1 |  1.4
Stealth        | 1 |  1.4
Shields        | 1 |  1.4
Spellcasting   | 1 |  1.4
Evocations     | 1 |  1.4
Conjurations   | 1 |  1.1
Hexes          | 1 |  1.1
Charms         | 1 |  1.1
Summonings     | 1 |  1.1
Necromancy     | 1 |  1.1
Translocations | 1 |  1.1
Transmutations | 1 |  1.1
Fire Magic     | 1 |  1.1
Ice Magic      | 1 |  1.1
Air Magic      | 1 |  1.1
Earth Magic    | 1 |  1.1
Poison Magic   | 1 |  1.1
Fighting       | |  6.6
Staves         | |  2.9
Throwing       | |  4.7
Dodging        | |  4.7
Unarmed Combat | |  4.7

Action                   |  1- 3 |  4- 6 || total
-------------------------+-------+-------++-------
Melee: Club              |    15 |       ||    15
       Mace              |    51 |    65 ||   116
       Bite              |     4 |     3 ||     7
  Use: Potion            |       |     2 ||     2
 Stab: Sleeping          |     1 |       ||     1
  Eat: Chunk             |       |     3 ||     3
Armor: Chain mail        |    31 |    21 ||    52
Dodge: Dodged            |    30 |    19 ||    49
Block: Buckler           |    19 |    20 ||    39

Table legend:
 A = Spawn XP
 B = Non-spawn XP
 C = Spawn XP percentage of total XP
 D = Spawn monster count
 E = Non-spawn monster count
 F = Spawn count percentage of total count
 G = Total turns spent on level
                    A         B        C        D         E        F      G
               +---------+---------+-------+---------+---------+-------+---------
         Total |       0 |     201 |   0.0 |       0 |      30 |   0.0 |  1797
               +---------+---------+-------+---------+---------+-------+---------
           D:1 |       0 |      10 |   0.0 |       0 |       7 |   0.0 |   707
           D:2 |       0 |     191 |   0.0 |       0 |      23 |   0.0 |  1090
               +---------+---------+-------+---------+---------+-------+---------
